 Dungeon Crawl Stone Soup version 0.32-a0-86-g8db1b9f803 (webtiles) character file.

Game seed: 2573941745806300167

268 grandjackal the Trooper (level 6, -1/73 HPs)
             Began as a Demonspawn Gladiator on Feb 6, 2024.
             Slain by a sky beast (3 damage)
             ... on level 6 of the Dungeon.
             The game lasted 00:02:51 (2067 turns).

grandjackal the Trooper (Demonspawn Gladiator)      Turns: 2067, Time: 00:02:51

Health: -1/73      AC: 27    Str: 13 (14) XL:     6   Next: 0%
Magic:  6/6        EV:  2    Int:  5 (7)  God:
Gold:   113        SH:  0    Dex: 18 (20) Spells: 5/5 levels left

rFire   + . .        a - +0 long sword
rCold   . . .        (no shield)
rNeg    . . .        x - melded +0 ring mail
rPois   +            c - melded +0 helmet
rElec   .            (cloak currently unavailable)
rCorr   .            (gloves currently unavailable)
SInv    .            (boots currently unavailable)
Will    +....        (no amulet)
Stlth   ++           l - +4 ring of protection
HPRegen 0.32/turn    h - ring of protection from fire
MPRegen 0.10/turn

%: no passive effects
@: tree-form, enlightened
A: stationary, stasis, torment immunity, boosted hp, (hooves 1), repulsion field
1, foul stench 1, agile 1, (deformed body)
a: no special abilities


You were on level 6 of the Dungeon.
You were a tree.
You visited 1 branch of the dungeon, and saw 4 of its levels.

You collected 113 gold pieces.

Inventory:

Hand Weapons
 a - a +0 long sword (weapon)
Missiles
 d - 3 throwing nets (quivered)
 e - a javelin
 q - 6 boomerangs
Armour
 c - a +0 helmet (melded)
 x - a +0 ring mail (melded)
Jewellery
 h - a ring of protection from fire (right branch)
 l - a +4 ring of protection (left branch)
Scrolls
 b - a scroll of poison {unknown}
 f - 2 scrolls of teleportation {unknown}
 k - 2 scrolls of identify {unknown}
 m - 2 scrolls of revelation {unknown}
 r - a scroll of fog {unknown}
 u - a scroll of noise {unknown}
 v - a scroll of vulnerability {unknown}
 y - a scroll of fear {unknown}
Potions
 n - a potion of haste
 t - a potion of attraction


   Skills:
 + Level 4.5 Fighting
 - Level 4.0 Long Blades
 - Level 2.0 Throwing
 + Level 3.7 Dodging


You had 5 spell levels left.
You didn't know any spells.
Your spell library contained the following spells:

 Spells                   Type           Power      Damage    Failure   Level
 Necrotise                Necr           0%         1d4       47%         1
 Sting                    Conj/Alch      0%         1d3       47%         1
 Summon Small Mammal      Summ           0%         N/A       47%         1
 Cigotuvi's Dreadful Rot  Necr/Alch/Air  0%         N/A       63%         2
 Call Canine Familiar     Summ           0%         N/A       85%         3
 Vampiric Draining        Necr           0%         2d6       85%         3
 Ignite Poison            Fire/Alch      0%         N/A       99%         4
 Martyr's Knell           Necr/Summ      0%         N/A       99%         4
 Summon Blazeheart Golem  Fire/Summ      0%         N/A       99%         4
 Curse of Agony           Necr           0%         N/A       100%        5
 Freezing Cloud           Conj/Ice/Air   0%         6-21      100%        5


Dungeon Overview and Level Annotations

Branches:
Dungeon (3/15)

Altars:
Okawaru

Annotations:
D:3 1 runed translucent door, Crazy Yiuf
D:6 Grinder


Innate Abilities, Weirdness & Mutations

You are a tree.
Your roots penetrate the ground, keeping you stationary.
You cannot be teleported.
You are immune to unholy pain and torment.
Your maximum health is greatly increased.
Your equipment is partially melded.
((You have large cloven feet.))
You are surrounded by a mild repulsion field. (EV +2)
You may rarely emit foul miasma when damaged in melee.
You are agile. (Dex +4, Str/Int -1)
((Armour fits poorly on your strangely shaped body.))


Message History

The white imp grins evilly.
The sky beast flickers out of sight!
Deactivating autopickup; reactivate with Ctrl-A.
Something hits you but does no damage.
You cannot move.
You cannot move.
You cannot move.
You cannot move.
You miss something.
Grinder blinks!
The orc completely misses you. The white imp gestures at you.
The puff of frost hits you.
* * * LOW HITPOINT WARNING * * *
Something hits you but does no damage.
A sky beast appears from thin air!
Reactivating autopickup.
The sky beast hits you but does no damage.
The orc hits you but does no damage.
You closely miss the sky beast.
The sky beast is moderately wounded.
The orc hits you but does no damage.
The sky beast hits you but does no damage.
You closely miss the sky beast.
The sky beast is moderately wounded.
The orc hits you but does no damage.
The sky beast hits you but does no damage.
You closely miss the sky beast.
The sky beast is moderately wounded.
The orc hits you but does no damage.
The sky beast hits you but does no damage.
You hit the sky beast but do no damage.
The sky beast is moderately wounded.
The sky beast hits you.
* * * LOW HITPOINT WARNING * * *
The sky beast shocks you.
* * * LOW HITPOINT WARNING * * *
You hit the sky beast.
The sky beast is heavily wounded.
The sky beast flickers out of sight!
Deactivating autopickup; reactivate with Ctrl-A.
Something hits you but does no damage. Something hits you.
You die...

### #o. #o# ##..
#5# ... #♣# #.. #{#
######### #.. #5#
#.......###..
##h####.###.....# .
#.5..S...>..#.#.###
##.####.##....#.##.
### #.# #.#.....#
#.###.#.#.###
#.........# #


You could see Grinder, a black bear, a white imp, an ufetubus and 2 orcs.

Vanquished Creatures
  A water moccasin (D:6)
  A bullfrog (D:6)
  An iguana (D:6)
  A gnoll (D:1)
  2 adders
  A dart slug (D:1)
  4 orcs (D:3)
  5 endoplasms
  2 goblins
  4 hobgoblins
  4 jackals (D:1)
  2 quokkas
  A ball python (D:2)
  2 bats (D:1)
  2 frilled lizards
  4 kobolds (D:1)
  7 rats
44 creatures vanquished.

Notes
Turn   | Place    | Note
-------+----------+-------------------------------------------
     0 | D:1      | grandjackal the Demonspawn Gladiator began the quest for
                  | the Orb.
     0 | D:1      | Reached XP level 1. HP: 16/16 MP: 1/1
   209 | D:1      | Gained mutation: You are surrounded by a mild repulsion
                  | field. (EV +2) [demonic ancestry]
   209 | D:1      | Reached XP level 2. HP: 22/22 MP: 2/2
   378 | D:1      | Gained mutation: You have large cloven feet. [demonic
                  | ancestry]
   378 | D:1      | Reached XP level 3. HP: 28/28 MP: 3/3
   398 | D:1      | Found a faded altar of an unknown god.
   405 | D:1      | Got Plato's Compendium of Injury
  1349 | D:2      | Identified the +5 hand axe "Gytoziynt" {freeze, *Rage rElec
                  | rCorr Dex+4}
  1681 | D:3      | Found an iron altar of Okawaru.
  1807 | D:3      | Reached XP level 4. HP: 33/35 MP: 4/4
  1824 | D:3      | Found a runed translucent door.
  1825 | D:3      | Noticed Crazy Yiuf
  1931 | D:3      | You fall into a shaft and drop 3 floors!
  1944 | D:6      | Noticed a bullfrog
  1953 | D:6      | Killed a bullfrog
  1954 | D:6      | Reached XP level 5. HP: 41/42 MP: 5/5
  2003 | D:6      | Noticed a water moccasin
  2019 | D:6      | Noticed a sky beast
  2025 | D:6      | Noticed Grinder
  2043 | D:6      | Paralysed by Grinder for 3 turns
  2044 | D:6      | Noticed a black bear
  2049 | D:6      | Killed a water moccasin
  2050 | D:6      | Gained mutation: You may rarely emit foul miasma when
                  | damaged in melee. [demonic ancestry]
  2050 | D:6      | Reached XP level 6. HP: 10/49 MP: 6/6
  2052 | D:6      | Gained mutation: Armour fits poorly on your strangely
                  | shaped body. [potion of mutation]
  2052 | D:6      | Gained mutation: You are agile. (Dex +4, Str/Int -1)
                  | [potion of mutation]
  2066 | D:6      | HP: 1/73 [sky beast (6)]
  2067 | D:6      | Slain by a sky beast

Illustrated notes

Levels and vault maps discovered:
D:1:      matt_arrival_refuge, layout_loops_ring,
          shapermc_ecumenical_altar_rom_forum
D:2:      layout_loops_ring
D:3:      layout_loops_cross, jmf_multi_god_temple2, okawaru_trees_2,
          uniq_crazy_yiuf_cottage
D:6:      nicolae_BIG_FREAKIN_CUBE, layout_loops_cross,
          mainiacjoe_overflow_24_doors, regret_index_xom_of_box,
          minmay_temple_entry_nine_rooms, st_stairs_11, uniq_grinder,
          uniq_eustachio

Skill      XL: |  1  2  3  4  5 |
---------------+----------------+-----
Throwing       | 2 |  2.0
Long Blades    | 3 4 |  4.0
Dodging        | 3 |  3.7
Fighting       | 3 4 |  4.5

Action                     |  1- 3 |  4- 6 || total
---------------------------+-------+-------++-------
  Melee: Long sword        |   119 |    41 ||   160
         Punch             |     5 |     2 ||     7
         Kick              |    14 |     5 ||    19
    Use: Potion            |       |    10 ||    10
   Stab: Sleeping          |     2 |       ||     2
 Armour: Leather armour    |    55 |     6 ||    61
         Ring mail         |       |    38 ||    38
         Skin              |       |    25 ||    25
  Dodge: Dodged            |    77 |    42 ||   119

Table legend: (Time is in decaauts)
 A = Elapsed time spent in this place.
 B = Non-inter-level travel time spent in this place.
 C = Inter-level travel time spent in this place.
 D = Time resting spent in this place.
 E = Time spent auto-exploring this place.
 F = Levels seen in this place.
 G = Mean time per level.
                   A        B        C        D        E       F      G
               +--------+--------+--------+--------+--------+-----+--------+
         Total |   2100 |   2054 |     46 |    120 |   1496 |   4 |  525.0 |
       Dungeon |   2100 |   2054 |     46 |    120 |   1496 |   4 |  525.0 |
               +--------+--------+--------+--------+--------+-----+--------+

Top non-repeatable levels by time:
     D:1: 774 daAuts
     D:2: 615 daAuts
     D:3: 567 daAuts
     D:6: 142 daAuts
